 Dungeon Crawl Stone Soup version 0.27-a0-1277-g3808f8b1c9 (webtiles) character file.

Game seed: 16521268994628909836

20923 HAL9000 the Slicer (level 12, -7/58 HPs)
             Began as a Vine Stalker Brigand on June 12, 2021.
             Was an Elder of Dithmenos.
             Killed from afar by a rime drake (22 damage)
             ... with a flash freeze
             ... on level 5 of the Lair of Beasts.
             The game lasted 00:35:14 (12445 turns).

HAL9000 the Slicer (Vine Stalker Brigand)          Turns: 12445, Time: 00:35:14

Health: -7/58      AC: 12    Str: 20    XL:     12   Next: 84%
Magic:  0/18       EV: 15    Int: 12    God:    Dithmenos [****..]
Gold:   710        SH:  0    Dex: 16    Spells: 14/17 levels left

rFire    . . .     SeeInvis .   T - +0 rapier (vamp)
rCold    . . .     Faith    .   (no shield)
rNeg     . . .     Spirit   +   g - +0 troll leather armour {Purgy}
rPois    .         Reflect  .   x - +0 helmet
rElec    .         Harm     .   c - +0 cloak
rCorr    .         Rampage  .   J - +0 pair of gloves
Will     +....                  D - +0 pair of boots
Stlth    ++++++++..             V - amulet "Miagingue" {Spirit Str+2}
HPRegen  2.19/turn              j - +4 ring of evasion
MPRegen  0.16/turn              E - +4 ring of protection

@: wreathed by umbra
A: fangs 3, regeneration 1, magic shield, antimagic bite, no potion heal 2
a: Renounce Religion, Shadow Step


You were on level 5 of the Lair of Beasts.
You worshipped Dithmenos.
Dithmenos was greatly pleased with you.
You visited 3 branches of the dungeon, and saw 16 of its levels.

You collected 710 gold pieces.

Inventory:

Hand Weapons
 m - a +0 rapier of venom
 H - a +1 rapier of freezing
 T - a +0 vampiric rapier (weapon)
Missiles
 d - 73 poisoned darts
 e - a curare-tipped dart
 B - 20 boomerangs (quivered)
Armour
 c - a +0 cloak (worn)
 g - a +0 troll leather armour (worn) {Purgy}
 x - a +0 helmet (worn)
 y - a scarf of repulsion
 D - a +0 pair of boots (worn)
 J - a +0 pair of gloves (worn)
Jewellery
 j - a +4 ring of evasion (left hand)
 E - a +4 ring of protection (right hand)
 G - a ring of resist corrosion
 S - a ring of protection from fire
 V - the amulet "Miagingue" (around neck) {Spirit Str+2}
   (You found it on level 4 of the Lair of Beasts)

   [amulet of guardian spirit]

   It causes incoming damage to be divided between your reserves of health and
   magic.
   It affects your strength (+2).
Wands
 a - a wand of paralysis (10)
 L - a wand of mindburst (26)
 M - a wand of iceblast (28)
 O - a wand of flame (45)
 P - a wand of acid (34)
 W - a wand of polymorph (8)
Scrolls
 b - 3 scrolls of amnesia {unknown}
 h - 6 scrolls of teleportation {unknown}
 l - 2 scrolls of silence {unknown}
 p - 2 scrolls of fear {unknown}
 q - 2 scrolls of immolation {unknown}
 t - 4 scrolls of enchant weapon
 u - 6 scrolls of magic mapping {unknown}
 v - a scroll of summoning {unknown}
 w - 3 scrolls of fog {unknown}
 A - a scroll of acquirement {unknown}
 N - a scroll of enchant armour {unknown}
 R - 3 scrolls of torment {unknown}
 U - a scroll of identify
Potions
 f - 3 potions of mutation {unknown}
 i - 3 potions of resistance
 k - 6 potions of curing
 n - 3 potions of magic
 o - a potion of brilliance
 r - 2 potions of flight
 s - a potion of haste
 z - 2 potions of ambrosia {unknown}
 C - 2 potions of heal wounds {unknown}
 F - a potion of invisibility
 I - a potion of lignification {unknown}
 K - 2 potions of berserk rage {unknown}
 Q - a potion of cancellation {unknown}


   Skills:
 - Level 4.2 Fighting
 + Level 13.9 Short Blades
 + Level 4.4 Throwing
 - Level 0.7 Dodging
 - Level 13.2 Stealth
 - Level 3.4 Spellcasting
 - Level 7.1 Hexes


You had 14 spell levels left.
You knew the following spells:

 Your Spells              Type           Power      Damage    Failure   Level
a - Confusing Touch       Hex            19%        N/A       4%          3

Your spell library contained the following spells:

 Spells                   Type           Power      Damage    Failure   Level
 Beastly Appendage        Tmut           4%         N/A       28%         1
 Freeze                   Ice            8%         1d3       28%         1
 Wereblood                Tmut           2%         N/A       38%         2
 Frozen Ramparts          Ice            4%         1d2       63%         3
 Gell's Gravitas          Tloc           1%         N/A       63%         3
 Ozocubu's Armour         Ice            2%         N/A       63%         3
 Spider Form              Tmut/Pois      1%         N/A       63%         3
 Metabolic Englaciation   Hex/Ice        5%         N/A       88%         5
 Yara's Violent Unravell  Hex/Tmut       5%         3d4       88%         5
 Hailstorm                Conj/Ice       2%         3d3       95%         4
 Ice Form                 Ice/Tmut       2%         N/A       95%         4
 Petrify                  Tmut/Erth      2%         N/A       95%         4


Dungeon Overview and Level Annotations

Branches:
Dungeon (10/15)            Temple (1/1) D:7            Lair (5/6) D:10
  Swamp (0/4) Lair:2       Spider (0/4) Lair:4
  Slime: Lair:5-6       Orc: D:9-12

Altars:
Ashenzari
Cheibriados
Dithmenos
Elyvilon
Fedhas
Gozag
Hepliaklqana
Kikubaaqudgha
Makhleb
Nemelex Xobeh
Okawaru
Qazlal
Ru
Sif Muna
Trog
Uskayaw
Vehumet
Wu Jian
Xom
Yredelemnul
Zin
The Shining One

Annotations:
Lair:2 exclusion: ice statue


Innate Abilities, Weirdness & Mutations

You have razor-sharp teeth.
Your natural rate of healing is unusually fast.
When hurt, damage is shared between your health and your magic reserves.
Your bite disrupts and absorbs the magic of your enemies.
Potions cannot restore your health.


Message History

The polar bear closely misses you.
The polar bear claws you but does no damage.
The polar bear barely misses you. The polar bear barely misses you.
The polar bear closely misses you. The polar bear misses you.
The polar bear rages.
The polar bear closely misses you. The polar bear barely misses you.
The polar bear closely misses you.
The rime drake hisses angrily.
The polar bear bites you. The polar bear barely misses you.
The polar bear closely misses you. The rime drake breathes ice at you.
The flash freeze hits you!
You are encased in ice.
The polar bear closely misses you. The polar bear barely misses you. x2
The polar bear closely misses you.
The polar bear claws you but does no damage.
The polar bear completely misses you. The polar bear bites you!
The polar bear completely misses you.
The polar bear claws you but does no damage.
The ice encasing you melts away. The rime drake breathes ice at you.
The flash freeze misses you. The polar bear barely misses you.
The polar bear misses you. x2
The rime drake breathes ice at you. The flash freeze hits you!!
* * * LOW HITPOINT WARNING * * *
You are encased in ice.
The polar bear closely misses you. The polar bear misses you.
The polar bear completely misses you.
Okay, then.
The ice encasing you melts away.
The polar bear is no longer berserk.
The polar bear closely misses you.
The polar bear claws you but does no damage. x2
The polar bear misses you.
The polar bear claws you but does no damage. x2
Found a stone staircase leading down.
The rime drake breathes ice at you. The flash freeze hits you!!
You die...

#.....................
#............P.......
#........#..###......
#.......k...###......
##.........P##.......
#.........###.......
##.h...#### #.P.....
#.....# #####.....#
#.@..## #....P.....
#....# ##....P.).#
#.....# ##........
..#....P.####.#.....#
.............P.......#
..###.....#.......#.....
. ##>....###P........#
... #.(..## ####.##..#.
.... ###..###


You could see a polar bear (slow) and a rime drake (catching breath).

Vanquished Creatures
  3 hydras
  3 death yaks
  A black mamba (Lair:2)
  5 cane toads
  5 komodo dragons
  Psyche (D:8)
  A rime drake (Lair:4)
  A polar bear (Lair:2)
  8 blink frogs
  Prince Ribbit (D:5)
  26 yaks
  A wyvern (D:7)
  A basilisk (Lair:5)
  Grum (D:10)
  2 steam dragons
  Edmund (D:5)
  8 water moccasins
  Purgy (D:4)
  A sky beast (D:5)
  A swamp drake (Lair:2)
  8 ice beasts
  3 black bears
  5 orc warriors
  A necrophage (D:6)
  11 wolves
  2 centaurs
  An ogre (D:6)
  12 bullfrogs
  2 kobold brigands
  A scorpion (D:4)
  A wyvern zombie (D:5)
  A gnoll sergeant (D:9)
  A water moccasin skeleton (D:7)
  10 killer bees
  6 wights (D:8)
  An electric eel (Lair:3)
  A jelly (D:5)
  4 centaur zombies
  2 centaur skeletons (D:6)
  8 orc priests
  A hound (D:6)
  A bullfrog skeleton (D:7)
  Natasha (D:2)
  Terence (D:2)
  4 iguanas
  9 orc wizards
  A killer bee zombie (D:7)
  8 adders
  11 gnolls
  3 river rats (D:10)
  5 white imps
  An ufetubus (D:7)
  4 worms
  2 dart slugs
  28 orcs
  8 ball pythons
  9 endoplasms
  4 giant cockroaches
  8 goblins
  6 hobgoblins
  5 jackals
  6 quokkas
  4 bats
  3 frilled lizards
  17 kobolds
  9 rats
312 creatures vanquished.

Vanquished Creatures (others)
  16 fungi
  9 plants
  5 toadstools (D:8)
30 creatures vanquished.

Grand Total: 342 creatures vanquished

Notes
Turn   | Place    | Note
-------+----------+-------------------------------------------
     0 | D:1      | HAL9000 the Vine Stalker Brigand began the quest for the
                  | Orb.
     0 | D:1      | Reached XP level 1. HP: 11/11 MP: 2/2
   255 | D:1      | Reached skill level 5 in Stealth
   404 | D:1      | Reached XP level 2. HP: 15/15 MP: 3/3
  1122 | D:2      | Reached XP level 3. HP: 18/18 MP: 4/4
  1488 | D:2      | Noticed Terence
  1493 | D:2      | Killed Terence
  1494 | D:2      | Gained mutation: Your natural rate of healing is unusually
                  | fast. [Vine Stalker growth]
  1494 | D:2      | Reached XP level 4. HP: 23/23 MP: 5/5
  1688 | D:2      | Noticed Natasha
  1700 | D:2      | Killed Natasha
  1807 | D:2      | Reached XP level 5. HP: 26/26 MP: 6/6
  2854 | D:4      | Noticed Purgy
  2861 | D:4      | Killed Purgy
  2862 | D:4      | Reached XP level 6. HP: 30/30 MP: 7/7
  3267 | D:4      | Reached XP level 7. HP: 31/34 MP: 6/8
  3788 | D:5      | Entered Level 5 of the Dungeon
  3928 | D:5      | Noticed Prince Ribbit
  3939 | D:5      | Killed Prince Ribbit
  4083 | D:4      | Gained mutation: You have razor-sharp teeth. [Vine Stalker
                  | growth]
  4083 | D:4      | Reached XP level 8. HP: 40/40 MP: 9/9
  4514 | D:5      | Reached skill level 5 in Short Blades
  4553 | D:5      | Noticed Edmund
  4580 | D:5      | Killed Edmund
  5164 | D:7      | Noticed a wyvern
  5171 | D:7      | Killed a wyvern
  5172 | D:7      | Reached XP level 9. HP: 45/45 MP: 8/10
  5463 | D:7      | Found a staircase to the Ecumenical Temple.
  5493 | Temple   | Entered the Ecumenical Temple
  5687 | Temple   | Became a worshipper of Dithmenos the Shadowed
  6240 | D:8      | Noticed Psyche
  6246 | D:8      | Killed Psyche
  6247 | D:8      | Reached skill level 10 in Short Blades
  6318 | D:8      | Reached * piety under Dithmenos
  6322 | D:8      | Reached XP level 10. HP: 46/50 MP: 11/11
  7523 | D:10     | Entered Level 10 of the Dungeon
  7775 | D:10     | Noticed a death yak
  7824 | D:10     | Reached ** piety under Dithmenos
  7844 | D:10     | Noticed a death yak
  7863 | D:10     | Noticed a death yak
  7867 | D:10     | Killed a death yak
  7868 | D:10     | Reached skill level 10 in Stealth
  7911 | D:9      | Killed a death yak
  7912 | D:9      | Reached XP level 11. HP: 53/53 MP: 12/12
  7945 | D:10     | Killed a death yak
  8085 | D:10     | Noticed Grum
  8140 | D:10     | Killed Grum
  8194 | D:10     | Found a staircase to the Lair.
  8212 | D:10     | Learned a level 3 spell: Confusing Touch
  8371 | D:10     | Found a hazy altar of Hepliaklqana.
  8555 | Lair:1   | Entered Level 1 of the Lair of Beasts
  8741 | Lair:1   | Reached skill level 1 in Spellcasting
  8741 | Lair:1   | Reached skill level 1 in Hexes
  9595 | Lair:2   | Reached *** piety under Dithmenos
  9696 | Lair:2   | Reached skill level 5 in Hexes
  9796 | Lair:2   | Found a hide-covered altar of Uskayaw.
  9841 | Lair:2   | Reached XP level 12. HP: 55/58 MP: 16/18
 10040 | Lair:2   | Noticed a seven-headed hydra
 10047 | Lair:2   | Killed a seven-headed hydra
 10142 | Lair:2   | Found a staircase to the Swamp.
 10761 | Lair:3   | Noticed a four-headed hydra
 10768 | Lair:3   | Killed a four-headed hydra
 11398 | Lair:4   | Found a blossoming altar of Fedhas.
 11415 | Lair:4   | Identified the +7 trident of War {vorpal, rCorr Int+2}
 11506 | Lair:4   | Identified the amulet "Miagingue" {Spirit Str+2}
 11528 | Lair:4   | Noticed a seven-headed hydra
 11566 | Lair:4   | Killed a seven-headed hydra
 11874 | Lair:4   | Found a hole to the Spider Nest.
 12202 | Lair:5   | Reached **** piety under Dithmenos
 12445 | Lair:5   | Killed from afar by a rime drake

Illustrated notes

Levels and vault maps discovered:
D:1:      psy_arrival_radial01, layout_basic
D:2:      kennysheep_six_static_rooms, layout_basic, uniq_terence, uniq_natasha
D:3:      layout_basic, minmay_splitting_lines, st_stairs_11
D:4:      layout_layer_cave, uniq_purgy
D:5:      layout_basic, kennysheep_generic_room_8, uniq_prince_ribbit1,
          uniq_edmund
D:6:      layout_basic
D:7:      layout_basic, minmay_temple_entry_gardened_gates,
          minmay_misc_feat_pillars
D:8:      layout_loops_ring, minmay_misc_feat_rows,
          amcnicky_mini_corridor_feature, minmay_gold_behind_fungi, uniq_psyche
D:9:      layout_basic
D:10:     layout_irregular_city, nicolae_hepliaklqana_hazy_memory,
          dpeg_lair_monsters, uniq_grum
Temple:   minmay_crystal_snake_temple
Lair:1:   layout_small_grid, minivault_11, serial_bayou_shore_b
Lair:2:   layout_regular_city, minmay_swamp_entry_reptiles, basic_altar,
          st_stairs_13, ice2_lemuel
Lair:3:   layout_regular_city, serial_rivers, chequers_serial_rivers_small_3,
          chequers_serial_rivers_room_b, chequers_serial_rivers_micro_d,
          chequers_serial_rivers_micro_d, infiniplex_staircase_pool,
          serial_bayou_shore_a
Lair:4:   layout_roguey, spider_nest_entry_webs, basic_altar
Lair:5:   layout_roguey, serial_bayou_shore_b

Skill      XL: |  1  2  3  4  5  6  7  8  9 10 11 12 |
---------------+-------------------------------------+-----
Throwing       | 2 3 4 |  4.4
Stealth        | 5 6 7 8 9 11 13 | 13.2
Short Blades   | 3 4 7 10 12 13 | 13.9
Fighting       | 3 4 |  4.2
Spellcasting   | 3 |  3.4
Hexes          | 6 7 |  7.1
Dodging        | |  0.7

Action                   |  1- 3 |  4- 6 |  7- 9 | 10-12 || total
-------------------------+-------+-------+-------+-------++-------
Melee: Dagger            |    71 |   155 |   144 |       ||   370
       Bite              |    15 |    43 |    94 |   266 ||   418
       Rapier            |       |       |   157 |   799 ||   956
Throw: Dart              |     3 |    20 |    10 |    10 ||    43
       Boomerang         |       |     3 |     9 |    32 ||    44
 Cast: Confusing Touch   |       |       |       |     1 ||     1
Evoke: Wand              |       |       |       |     4 ||     4
  Use: Scroll            |       |     2 |     2 |     5 ||     9
       Potion            |       |       |     1 |       ||     1
 Stab: Sleeping          |     3 |    16 |    15 |    30 ||    64
       Distracted        |       |       |       |     1 ||     1
Armor: Robe              |    12 |    15 |       |       ||    27
       Troll leather arm |       |     1 |    82 |   189 ||   272
Dodge: Dodged            |    56 |   108 |   173 |   481 ||   818

Table legend: (Time is in decaauts)
 A = Elapsed time spent in this place.
 B = Non-inter-level travel time spent in this place.
 C = Inter-level travel time spent in this place.
 D = Time resting spent in this place.
 E = Time spent auto-exploring this place.
 F = Levels seen in this place.
 G = Mean time per level.
                   A        B        C        D        E       F      G
               +--------+--------+--------+--------+--------+-----+--------+
         Total |  12027 |  11486 |    541 |    811 |   7912 |  16 |  751.7 |
       Dungeon |   8202 |   7841 |    361 |    679 |   5113 |  10 |  820.2 |
        Temple |    208 |    169 |     39 |      0 |    162 |   1 |  208.0 |
          Lair |   3616 |   3476 |    140 |    132 |   2637 |   5 |  723.2 |
               +--------+--------+--------+--------+--------+-----+--------+

Top non-repeatable levels by time:
     D:2: 1204 daAuts
     D:4: 1112 daAuts
  Lair:2: 1077 daAuts
    D:10: 999 daAuts
     D:3: 921 daAuts
  Lair:3: 815 daAuts
     D:9: 796 daAuts
  Lair:1: 746 daAuts
     D:8: 746 daAuts
     D:1: 710 daAuts
  Lair:4: 687 daAuts
     D:5: 652 daAuts
     D:7: 543 daAuts
     D:6: 515 daAuts
  Lair:5: 290 daAuts
